[Event "ICC tourney 2556 (25 5)"]
[Site "Internet Chess Club"]
[Date "2021.05.08"]
[Round "3"]
[White "CHIRAG SHETTY, TANISH:K05-15984457"]
[Black "SRIPATHY RAO, ANJANEYA:K05-16442373"]
[Result "0-1"]
[ICCResult "White checkmated"]
[WhiteElo "1355"]
[BlackElo "1907"]
[Opening "Sicilian defense"]
[ECO "B33"]
[NIC "SI.32"]
[Time "15:32:44"]
[PlyCount "50"]
[TimeControl "1500+5"]

1. e4 c5 2. Nf3 Nc6 3. d4 cxd4 4. Nxd4 Nf6 5. Nxc6 bxc6 6. Nc3 e5 7. Bc4
Be7 8. O-O O-O 9. Be3 Bb7 10. f3 d5 11. exd5 cxd5 12. Qe2 dxc4 13. Qxc4 Qa5
14. a3 Ba6 15. Qa2 Bxf1 16. Rxf1 Bc5 17. Re1 Bxe3+ 18. Rxe3 Qc5 19. Kf2
Rfd8 20. Ke2 Nd5 21. Nxd5 Rxd5 22. Qb3 Rad8 23. Rc3 Rd2+ 24. Ke1 Rd1+ 25.
Ke2 R8d2# { White checkmated } 0-1

[Event "ICC tourney 2556 (25 5)"]
[Site "Internet Chess Club"]
[Date "2021.05.08"]
[Round "3"]
[White "MARIAN, AARON:K05-15799497"]
[Black "JIANG, ANDREW:K05-16091063"]
[Result "0-1"]
[ICCResult "White checkmated"]
[WhiteElo "1400"]
[BlackElo "2021"]
[Opening "Ruy Lopez: exchange variation, 5.O-O"]
[ECO "C68"]
[NIC "RL.08"]
[Time "15:30:42"]
[PlyCount "80"]
[TimeControl "1500+5"]

1. e4 e5 2. Nf3 Nc6 3. Bb5 a6 4. Bxc6 dxc6 5. O-O Bd6 6. d4 exd4 7. Qxd4 f6
8. e5 fxe5 9. Nxe5 Nf6 10. Bg5 h6 11. Bxf6 Qxf6 12. Nf3 O-O 13. Nc3 Bf5 14.
Rfe1 Bxc2 15. Ne4 Bxe4 16. Rxe4 Rad8 17. Qc4+ Kh8 18. Rae1 Qxb2 19. Rh4
Rde8 20. g3 Rxe1+ 21. Nxe1 Qxf2+ 22. Kh1 Qxe1+ 23. Kg2 Rf2+ 24. Kh3 Qf1+
25. Qxf1 Rxf1 26. Re4 Ra1 27. Kg4 Rxa2 28. h3 b5 29. Kh4 Ra4 30. Rg4 Rxg4+
31. hxg4 b4 32. Kh5 b3 33. g5 b2 34. gxh6 b1=Q 35. g4 Qh1+ 36. Kg5 Qd5+ 37.
Kg6 Qe6+ 38. Kg5 Qe5+ 39. Kg6 Qf6+ 40. Kh5 g6# { White checkmated } 0-1

[Event "ICC tourney 2556 (25 5)"]
[Site "Internet Chess Club"]
[Date "2021.05.08"]
[Round "3"]
[White "NGUYEN, KEVIN:K05-16839412"]
[Black "DEVARAJ, SIRI:K05-16369654"]
[Result "0-1"]
[ICCResult "White checkmated"]
[WhiteElo "705"]
[BlackElo "1077"]
[Opening "Sicilian: Tartakower variation"]
[ECO "B53"]
[NIC "SI.01"]
[Time "15:32:24"]
[PlyCount "124"]
[TimeControl "1500+5"]

1. e4 c5 2. Nf3 d6 3. d4 cxd4 4. c3 dxc3 5. Nxc3 Nc6 6. Bb5 Bd7 7. O-O Nf6
8. b3 g6 9. Bb2 Bg7 10. Qe2 O-O 11. Nd5 a6 12. Nxf6+ exf6 13. Bc4 Ne5 14.
Nxe5 fxe5 15. Rad1 Bc6 16. Ba3 b5 17. Rxd6 Qc7 18. Bd5 Bxd5 19. Rxd5 Rfd8
20. Rfd1 Rxd5 21. exd5 Rd8 22. d6 Qa5 23. Qb2 b4 24. Bxb4 Qxb4 25. d7 Qe7
26. Qd2 Bf6 27. Qd6 Kf8 28. Qxa6 Rxd7 29. Qc8+ Rd8 30. Rxd8+ Qxd8 31. Qxd8+
Bxd8 32. f3 Ke7 33. Kf2 Kd6 34. Ke3 Bb6+ 35. Kd3 Kd5 36. a3 f5 37. a4 Ba5
38. h3 Kc5 39. g4 Kb4 40. Kc2 fxg4 41. hxg4 Bb6 42. g5 Be3 43. Kd3 Bxg5 44.
Ke4 Bf4 45. Kd5 h5 46. Kc6 Ka5 47. Kc5 Be3+ 48. Kc4 h4 49. Kd3 h3 50. Kxe3
h2 51. Ke4 h1=Q 52. Kxe5 Qxf3 53. Ke6 Qxb3+ 54. Kf6 Qxa4 55. Kxg6 Qf4 56.
Kh5 Qg3 57. Kh6 Kb5 58. Kh5 Kc5 59. Kh6 Kd5 60. Kh5 Ke5 61. Kh6 Kf5 62. Kh5
Qg5# { White checkmated } 0-1

[Event "ICC tourney 2556 (25 5)"]
[Site "Internet Chess Club"]
[Date "2021.05.08"]
[Round "3"]
[White "KONDABATHINI, NAMISH:K05-16992657"]
[Black "SRIADITYA KUNAPULI, SIDDARTH:K05-16368693"]
[Result "1/2-1/2"]
[ICCResult "Game drawn by mutual agreement"]
[WhiteElo "1076"]
[BlackElo "1533"]
[Opening "Queen's pawn: Torre attack"]
[ECO "A45"]
[NIC "QP.04"]
[Time "15:32:26"]
[PlyCount "62"]
[TimeControl "1500+5"]

1. d4 Nf6 2. Bg5 e6 3. Nf3 b6 4. e4 Be7 5. Bxf6 Bxf6 6. e5 Be7 7. Bd3 Bb7
8. Nbd2 O-O 9. O-O d6 10. exd6 Bxd6 11. c3 Nd7 12. Be4 Bxe4 13. Nxe4 Nf6
14. Nxf6+ Qxf6 15. Re1 Rfd8 16. Qc2 c5 17. dxc5 Bxc5 18. Rad1 Rac8 19. Qa4
Rxd1 20. Rxd1 Rd8 21. Rxd8+ Qxd8 22. g3 h6 23. Qxa7 Qd1+ 24. Kg2 Qe2 25.
Qa8+ Kh7 26. Nd4 Qxb2 27. Qe4+ g6 28. Qf4 Bxd4 29. cxd4 Kg7 30. Qe5+ Kg8
31. Qb8+ Kg7 { Game drawn by mutual agreement } 1/2-1/2

[Event "ICC tourney 2556 (25 5)"]
[Site "Internet Chess Club"]
[Date "2021.05.08"]
[Round "3"]
[White "KOUSTUBH NAMILAE, ANANTH:K05-16701177"]
[Black "KHOROSHEVSKI, LEAH:K05-17055150"]
[Result "0-1"]
[ICCResult "White checkmated"]
[WhiteElo "613"]
[BlackElo "1031"]
[Opening "Queen's pawn, Mason variation"]
[ECO "D00"]
[NIC "QP.08"]
[Time "15:32:44"]
[PlyCount "100"]
[TimeControl "1500+5"]

1. d4 d5 2. Bf4 Bf5 3. c4 c6 4. e3 Nf6 5. Nf3 e6 6. a3 Bd6 7. Bg3 Bxg3 8.
hxg3 Nbd7 9. Ne5 Nxe5 10. dxe5 Nd7 11. Nc3 Nxe5 12. f4 Nxc4 13. Bxc4 dxc4
14. Qh5 Bg6 15. Qe2 Qd3 16. Qxd3 cxd3 17. Rd1 Rd8 18. e4 h6 19. g4 c5 20.
g5 Rd4 21. g3 Bxe4 22. Nxe4 Rxe4+ 23. Kd2 Rd4 24. Rde1 c4 25. Re3 b5 26. f5
Ke7 27. Rhe1 Rd6 28. g6 fxg6 29. fxe6 Rf8 30. Re5 Rf2+ 31. Kd1 Rxb2 32. Rf1
Rb1+ 33. Kd2 Rxf1 34. a4 bxa4 35. Ra5 Rxe6 36. Rxa7+ Kf6 37. Rxa4 Rf2+ 38.
Kc3 d2 39. Ra1 Re1 40. Ra2 Rc1+ 41. Kd4 d1=Q+ 42. Kc5 Rxa2 43. Kc6 Qf3+ 44.
Kc7 Ra7+ 45. Kd6 Rd1+ 46. Kc5 c3 47. Kc4 c2 48. Kc5 c1=Q+ 49. Kb6 Qb3+ 50.
Kxa7 Qa1# { White checkmated } 0-1

[Event "ICC tourney 2556 (25 5)"]
[Site "Internet Chess Club"]
[Date "2021.05.08"]
[Round "3"]
[White "NIMMAGADDA, SIDDHARTH:K05-16320710"]
[Black "MAITI, VEDANT:K05-16844427"]
[Result "0-1"]
[ICCResult "White checkmated"]
[WhiteElo "644"]
[BlackElo "1057"]
[Opening "Four knights: Spanish, classical defense"]
[ECO "C48"]
[NIC "KP.03"]
[Time "15:32:34"]
[PlyCount "120"]
[TimeControl "1500+5"]

1. e4 e5 2. Nf3 Nc6 3. Nc3 Nf6 4. Bb5 Bc5 5. Nxe5 Nxe5 6. d4 Bxd4 7. Qxd4
Ng6 8. O-O O-O 9. Bg5 c6 10. Bd3 h6 11. Bxf6 Qxf6 12. Qxf6 gxf6 13. h3 d6
14. Rfe1 Kh8 15. g4 Ne5 16. Rf1 Rg8 17. f4 Nxd3 18. cxd3 f5 19. Kh2 fxg4
20. hxg4 Bxg4 21. Rg1 f5 22. exf5 Bxf5 23. d4 Rae8 24. Rxg8+ Rxg8 25. Re1
Kh7 26. Re7+ Rg7 27. Re8 Kg6 28. Ra8 a6 29. b4 Bd3 30. Re8 Kf5 31. Rf8+ Kg4
32. Nd1 Bf5 33. Nf2+ Kxf4 34. Nd3+ Kg5 35. Nb2 Re7 36. Rg8+ Kf6 37. Nc4 Be6
38. Nxd6 Bxg8 39. a4 Re2+ 40. Kh3 Be6+ 41. Kg3 Ra2 42. a5 Rb2 43. Ne8+ Ke7
44. Ng7 Rxb4 45. Nxe6 Kxe6 46. Kf4 Rxd4+ 47. Ke3 c5 48. Kf3 h5 49. Kg3 c4
50. Kf3 c3 51. Ke3 c2 52. Kxd4 c1=Q 53. Ke4 Qc4+ 54. Ke3 Qc3+ 55. Ke4 h4
56. Kf4 h3 57. Kg5 h2 58. Kg6 h1=Q 59. Kg5 Qe5+ 60. Kg4 Qhh5# { White
checkmated } 0-1

[Event "ICC tourney 2556 (25 5)"]
[Site "Internet Chess Club"]
[Date "2021.05.08"]
[Round "3"]
[White "HONG, LUKE:K05-16894950"]
[Black "LI, GABRIEL:K05-16325722"]
[Result "1-0"]
[ICCResult "Black checkmated"]
[WhiteElo "1346"]
[BlackElo "480"]
[Opening "Ruy Lopez: classical (Cordel) defense"]
[ECO "C64"]
[NIC "RL.01"]
[Time "15:30:51"]
[PlyCount "81"]
[TimeControl "1500+5"]

1. e4 e5 2. Nf3 Nc6 3. Bb5 Bc5 4. Nc3 d6 5. h3 Nf6 6. d3 O-O 7. Bg5 Be6 8.
Bc4 Bxc4 9. dxc4 h6 10. Bh4 Re8 11. Nd5 Re6 12. Bxf6 Rxf6 13. Nxf6+ Qxf6
14. O-O Nd4 15. Nxd4 Bxd4 16. c3 Bc5 17. a4 a5 18. b4 axb4 19. cxb4 Bxb4
20. Qb3 c5 21. Rad1 Qf4 22. Rxd6 Qxe4 23. Rd3 Qf5 24. Rf3 Qh5 25. Rd1 e4
26. Rf4 Re8 27. Rd7 Re6 28. Rdxf7 e3 29. Rf8+ Kh7 30. Qd3+ Qg6 31. Qxg6+
Rxg6 32. fxe3 Ra6 33. R8f7 Rxa4 34. Rxb7 Bd2 35. Kf2 Ra2 36. Rg4 Bxe3+ 37.
Kxe3 Ra3+ 38. Kf4 Rc3 39. Rbxg7+ Kh8 40. Rg8+ Kh7 41. R4g7# { Black
checkmated } 1-0

[Event "ICC tourney 2556 (25 5)"]
[Site "Internet Chess Club"]
[Date "2021.05.08"]
[Round "3"]
[White "SRIVASTAVA KHARE, AVNI:K05-16824142"]
[Black "PARK, JOSHUA:K05-16451732"]
[Result "1-0"]
[ICCResult "Black checkmated"]
[WhiteElo "780"]
[BlackElo "376"]
[Opening "Scotch game"]
[ECO "C45"]
[NIC "SO.04"]
[Time "15:32:37"]
[PlyCount "113"]
[TimeControl "1500+5"]

1. e4 e5 2. Nf3 Nc6 3. d4 exd4 4. Nxd4 Nxd4 5. Qxd4 Nf6 6. Nc3 a5 7. Bg5 d6
8. O-O-O h6 9. Bh4 g5 10. Bg3 Bg4 11. f3 Bh5 12. Qa4+ Qd7 13. Qxd7+ Nxd7
14. Bc4 O-O-O 15. Rhe1 Bg7 16. Nd5 g4 17. Rf1 gxf3 18. gxf3 Ne5 19. Bxe5
Bxe5 20. Ne7+ Kb8 21. h3 Bf4+ 22. Kb1 c6 23. Nf5 b5 24. Be2 d5 25. exd5
cxd5 26. Bxb5 Ka7 27. Nd4 Bg6 28. Nc6+ Kb6 29. Nxd8 Rxd8 30. Bd3 Rc8 31.
Bxg6 fxg6 32. Rxd5 Re8 33. Rd4 g5 34. h4 Bh2 35. hxg5 hxg5 36. Re4 Rd8 37.
Re6+ Ka7 38. Re7+ Kb8 39. c3 Bg3 40. Rg1 Bf2 41. Rxg5 Bh4 42. Rb5+ Kc8 43.
Re6 Rd1+ 44. Kc2 Rf1 45. Rc5+ Kd7 46. Rh6 Be7 47. Rd5+ Ke8 48. Rh8+ Kf7 49.
Rd7 Rf2+ 50. Kb3 Rxf3 51. Rh7+ Ke6 52. Rdxe7+ Kf6 53. Rhf7+ Kg6 54. Rxf3
Kg5 55. Rg7+ Kh4 56. Rf8 Kh5 57. Rh8# { Black checkmated } 1-0

[Event "ICC tourney 2556 (25 5)"]
[Site "Internet Chess Club"]
[Date "2021.05.08"]
[Round "3"]
[White "LUNA, LIAM:K05-16268715"]
[Black "FORESTAL, LUC ANDRA:K05-16346012"]
[Result "1-0"]
[ICCResult "Black resigns"]
[WhiteElo "989"]
[BlackElo "374"]
[Opening "Scotch game"]
[ECO "C45"]
[NIC "SO.04"]
[Time "15:32:44"]
[PlyCount "105"]
[TimeControl "1500+5"]

1. e4 e5 2. Nf3 Nc6 3. d4 exd4 4. Nxd4 Nge7 5. Be3 g6 6. Nc3 Bg7 7. Bc4 O-O
8. Qd2 Nxd4 9. Bxd4 Bxd4 10. Qxd4 d6 11. O-O c5 12. Qd3 Be6 13. Bxe6 fxe6
14. Rad1 Nc8 15. Qc4 Re8 16. e5 d5 17. Qxc5 b6 18. Qc6 Ne7 19. Qxe6+ Kf8
20. Qf6+ Kg8 21. e6 Nf5 22. Qf7+ Kh8 23. Rxd5 Qe7 24. Rfd1 Qxf7 25. exf7
Rf8 26. Rd7 Kg7 27. g3 Rxf7 28. Rxf7+ Kxf7 29. Rd3 Re8 30. Rf3 Re1+ 31. Kg2
Rc1 32. g4 Kg7 33. gxf5 gxf5 34. Rxf5 Rxc2 35. Rb5 h6 36. Ne4 Kg6 37. Rb3
Kf5 38. Ng3+ Kg4 39. h3+ Kg5 40. Ne4+ Kg6 41. Ra3 Rxb2 42. Rxa7 Rb4 43. Nc3
Rc4 44. Na4 b5 45. Nb6 Rc6 46. Ra6 Rc2 47. a3 Rc6 48. Kf3 Kf5 49. Kg3 h5
50. h4 Ke4 51. f3+ Kf5 52. Kf2 Kf4 53. Nd5+ { Black resigns } 1-0

[Event "ICC tourney 2556 (25 5)"]
[Site "Internet Chess Club"]
[Date "2021.05.08"]
[Round "3"]
[White "RAJARAM, ROHAN:K05-15739716"]
[Black "SARANGI, SHREYAN:K05-17058212"]
[Result "1-0"]
[ICCResult "Black resigns"]
[WhiteElo "1905"]
[BlackElo "1359"]
[Opening "King's Indian: 3.g3"]
[ECO "E62"]
[NIC "KI.72"]
[Time "15:30:12"]
[PlyCount "85"]
[TimeControl "1500+5"]

1. d4 Nf6 2. c4 g6 3. g3 Bg7 4. Bg2 d6 5. Nf3 Nc6 6. O-O O-O 7. Nc3 Na5 8.
b3 c5 9. e3 Rb8 10. Bd2 a6 11. a4 Nd7 12. Rb1 Nc6 13. d5 Nb4 14. Ne4 Nd3
15. Qc2 N7e5 16. Nxe5 Nxe5 17. f4 Ng4 18. h3 Nf6 19. Nxf6+ Bxf6 20. e4 b5
21. Rfe1 Qc7 22. Bc3 Bxc3 23. Qxc3 bxa4 24. bxa4 Bd7 25. a5 Rfc8 26. e5 Bf5
27. Rxb8 Rxb8 28. g4 Bd7 29. exd6 Qxd6 30. Qe5 Qxe5 31. fxe5 Rb4 32. Bf1
Ra4 33. Rb1 Rb4 34. Rxb4 cxb4 35. c5 Kf8 36. c6 Bc8 37. d6 exd6 38. exd6
Ke8 39. Bc4 f5 40. gxf5 gxf5 41. Kg2 Kf8 42. Kg3 Ke8 43. Kf4 { Black
resigns } 1-0

[Event "ICC tourney 2556 (25 5)"]
[Site "Internet Chess Club"]
[Date "2021.05.08"]
[Round "3"]
[White "ERVIN KAPLAN, MILES:K05-16937188"]
[Black "SHANMUGAM, MEERA:K05-16606945"]
[Result "1/2-1/2"]
[ICCResult "Game drawn by repetition"]
[WhiteElo "1202"]
[BlackElo "1579"]
[Opening "Petrov: Cozio (Lasker) attack"]
[ECO "C42"]
[NIC "RG.03"]
[Time "15:32:44"]
[PlyCount "100"]
[TimeControl "1500+5"]

1. e4 e5 2. Nf3 Nf6 3. Nxe5 d6 4. Nf3 Nxe4 5. Qe2 Qe7 6. d4 d5 7. Nbd2 Nxd2
8. Bxd2 Qxe2+ 9. Bxe2 Be7 10. O-O Bf5 11. Bd3 Bg4 12. Ne5 Be6 13. Rfe1 O-O
14. h3 Bf6 15. c3 Nd7 16. Nxd7 Bxd7 17. g4 h6 18. Re2 c6 19. Rae1 Rfe8 20.
Rxe8+ Rxe8 21. Rxe8+ Bxe8 22. Bf5 Kf8 23. Kg2 Ke7 24. Kf3 Kd6 25. Bf4+ Ke7
26. Bb8 a6 27. Bc8 b5 28. Bf5 Bd7 29. Kf4 g6 30. Bxd7 Kxd7 31. Ke3 Ke6 32.
Bg3 Bg5+ 33. Bf4 Bxf4+ 34. Kxf4 g5+ 35. Ke3 f5 36. f4 Kf6 37. Kf3 a5 38. a3
a4 39. Kg3 gxf4+ 40. Kxf4 fxg4 41. Kxg4 Kg6 42. h4 h5+ 43. Kf4 Kf6 44. Kg3
Kf5 45. Kf3 Kg6 46. Kf4 Kf6 47. Kg3 Kf5 48. Kf3 Kg6 49. Kf4 Kf6 50. Kg3 Kf5
{ Game drawn by repetition } 1/2-1/2

[Event "ICC tourney 2556 (25 5)"]
[Site "Internet Chess Club"]
[Date "2021.05.08"]
[Round "3"]
[White "HU, ANGELA:K05-16747812"]
[Black "YAO, HANCHI:K05-16512998"]
[Result "0-1"]
[ICCResult "White checkmated"]
[WhiteElo "1237"]
[BlackElo "1636"]
[Opening "Sicilian"]
[ECO "B56"]
[NIC "SI.25"]
[Time "15:32:23"]
[PlyCount "52"]
[TimeControl "1500+5"]

1. e4 c5 2. Nf3 d6 3. d4 Nf6 4. Nc3 cxd4 5. Nxd4 Nc6 6. Bb5 Bd7 7. Bg5 Rc8
8. O-O Qb6 9. Bxc6 bxc6 10. b3 Qa5 11. Qd3 Qxg5 12. f4 Qa5 13. Rae1 e5 14.
fxe5 dxe5 15. Nf5 Bc5+ 16. Kh1 O-O 17. Nh6+ Kh8 18. Rxf6 gxf6 19. Qxd7 Qxc3
20. Rd1 Kg7 21. Nf5+ Kh8 22. Nh6 Qxc2 23. Nxf7+ Rxf7 24. Qxc8+ Rf8 25. Qd7
Rg8 26. g3 Qxe4# { White checkmated } 0-1

[Event "ICC tourney 2556 (25 5)"]
[Site "Internet Chess Club"]
[Date "2021.05.08"]
[Round "3"]
[White "GURPUR MADKE PRABHU, TANYA:K05-16349446"]
[Black "WILLY, STEPHEN:K05-17088783"]
[Result "0-1"]
[ICCResult "White checkmated"]
[WhiteElo "1264"]
[BlackElo "1643"]
[Opening "Four knights: Italian variation"]
[ECO "C47"]
[NIC "RG.01"]
[Time "15:31:05"]
[PlyCount "118"]
[TimeControl "1500+5"]

1. e4 e5 2. Nf3 Nf6 3. Nc3 Nc6 4. Bc4 Nxe4 5. Nxe4 d5 6. Bxd5 Qxd5 7. Nc3
Qd8 8. h3 Bf5 9. d3 Be7 10. Be3 O-O 11. a3 Re8 12. O-O a6 13. Re1 Bf6 14.
Qd2 Qd7 15. Rad1 Rad8 16. Bg5 Qe6 17. Bxf6 Qxf6 18. Qg5 Qxg5 19. Nxg5 Nd4
20. Rc1 f6 21. Nge4 Kf7 22. Ng3 Bd7 23. Nd5 Bxh3 24. Nxc7 Re7 25. gxh3 Nf3+
26. Kf1 Nxe1 27. Nxa6 Nxd3 28. cxd3 bxa6 29. Rd1 Red7 30. Ke2 Rb7 31. Rb1
Rb3 32. Nf5 Rbxd3 33. Rc1 R8d7 34. Rc2 Rxh3 35. Ng3 Rb7 36. Rd2 h5 37. Kd1
h4 38. Nf5 Ke6 39. Ne3 Rh1+ 40. Kc2 h3 41. f3 h2 42. Kd3 Rd7+ 43. Kc2 Rxd2+
44. Kxd2 Rd1+ 45. Nxd1 h1=Q 46. Ke2 Qg2+ 47. Nf2 Kd5 48. Ke3 f5 49. Nd3 f4+
50. Nxf4+ exf4+ 51. Kxf4 Qxb2 52. Kg4 Qe5 53. f4 Qe1 54. Kf5 g6+ 55. Kxg6
Ke6 56. Kg5 Qg1+ 57. Kh6 Kf6 58. Kh5 Kf5 59. Kh6 Qg6# { White checkmated }
0-1

[Event "ICC tourney 2556 (25 5)"]
[Site "Internet Chess Club"]
[Date "2021.05.08"]
[Round "3"]
[White "DESHPANDE, OJAS AMIT:K05-16725875"]
[Black "ZIANG FENG, STEVEN:K05-16388220"]
[Result "0-1"]
[ICCResult "White checkmated"]
[WhiteElo "829"]
[BlackElo "1428"]
[Opening "Sicilian: Smith-Morra gambit"]
[ECO "B21"]
[NIC "SI.48"]
[Time "15:32:04"]
[PlyCount "108"]
[TimeControl "1500+5"]

1. e4 c5 2. d4 cxd4 3. c3 dxc3 4. Nxc3 Nc6 5. Nf3 d6 6. Bc4 Nf6 7. O-O Bg4
8. h3 Bh5 9. Re1 e6 10. Bg5 Be7 11. Be2 O-O 12. Nd4 Nxd4 13. Qxd4 Bxe2 14.
Rxe2 e5 15. Qd1 h6 16. Bc1 Rc8 17. Kf1 Qb6 18. Kg1 Rc4 19. Be3 Qc6 20. Bd2
Rc8 21. Rc1 Qd7 22. Qe1 Bd8 23. a3 Bb6 24. Nd5 Nxd5 25. exd5 Rxc1 26. Bxc1
Qb5 27. Re4 Bd4 28. Rg4 Kh8 29. Re4 Bxb2 30. Bxb2 Qxb2 31. Kf1 Rc1 32. Qxc1
Qxc1+ 33. Re1 Qc4+ 34. Re2 Qxd5 35. f3 Kh7 36. Kf2 Kg6 37. g4 Kg5 38. Kg3
Qd4 39. h4+ Kg6 40. h5+ Kf6 41. Rh2 Qf4+ 42. Kh3 b5 43. Rf2 a5 44. Kg2 b4
45. a4 b3 46. Re2 Qc4 47. Rd2 Qc2 48. Rf2 Qxf2+ 49. Kxf2 b2 50. Kg3 b1=Q
51. Kf2 Kg5 52. Kg3 Qg1+ 53. Kh3 Kf4 54. Kh4 Qg3# { White checkmated } 0-1

[Event "ICC tourney 2556 (25 5)"]
[Site "Internet Chess Club"]
[Date "2021.05.08"]
[Round "3"]
[White "ROEDERER, JUDSON:K05-15626320"]
[Black "YANG, DANIEL:K05-16464806"]
[Result "0-1"]
[ICCResult "White checkmated"]
[WhiteElo "1212"]
[BlackElo "1597"]
[Opening "Sicilian: Alapin's variation (2.c3)"]
[ECO "B22"]
[NIC "SI.46"]
[Time "15:38:23"]
[PlyCount "88"]
[TimeControl "1500+5"]

1. e4 c5 2. c3 d5 3. e5 d4 4. Nf3 Nc6 5. Bb5 Qd5 6. O-O Bg4 7. Re1 Bxf3 8.
Qxf3 Qxf3 9. gxf3 e6 10. d3 Ne7 11. Bf4 a6 12. Ba4 b5 13. Bb3 g5 14. Bg3
Nf5 15. Nd2 h5 16. h3 Rd8 17. Rad1 dxc3 18. bxc3 Rxd3 19. Ne4 Rxd1 20. Rxd1
Be7 21. Nd6+ Bxd6 22. exd6 Kd7 23. a4 Rb8 24. a5 Nxa5 25. Ba2 Nxg3 26. fxg3
Rb6 27. Kf2 Rxd6 28. Rxd6+ Kxd6 29. Ke3 f5 30. Kd3 Nc6 31. c4 Nb4+ 32. Kc3
Nxa2+ 33. Kb3 Nb4 34. cxb5 axb5 35. g4 hxg4 36. hxg4 fxg4 37. fxg4 Kd5 38.
Kc3 e5 39. Kb3 e4 40. Kc3 e3 41. Kb2 e2 42. Ka3 e1=Q 43. Kb2 Qd2+ 44. Ka1
Qa2# { White checkmated } 0-1

[Event "ICC tourney 2556 (25 5)"]
[Site "Internet Chess Club"]
[Date "2021.05.08"]
[Round "3"]
[White "KANTNER, AARON:K05-16926895"]
[Black "MA, SEAN:K05-16395728"]
[Result "0-1"]
[ICCResult "White resigns"]
[WhiteElo "619"]
[BlackElo "1446"]
[Opening "Sicilian: Alapin's variation (2.c3)"]
[ECO "B22"]
[NIC "SI.46"]
[Time "15:31:44"]
[PlyCount "48"]
[TimeControl "1500+5"]

1. e4 c5 2. c3 Nc6 3. Nf3 g6 4. d4 cxd4 5. cxd4 Bg7 6. Be3 Nf6 7. Nc3 d5 8.
e5 Nd7 9. Nxd5 e6 10. Nc3 O-O 11. Bd3 f6 12. exf6 Nxf6 13. Qd2 b6 14. Ne5
Bb7 15. Nxc6 Bxc6 16. f3 Qd7 17. O-O-O b5 18. Bb1 b4 19. Ne2 Rfc8 20. Bc2
a5 21. b3 Qb7 22. Bh6 a4 23. Bxg7 Kxg7 24. bxa4 Bxa4 { White resigns } 0-1

[Event "ICC tourney 2556 (25 5)"]
[Site "Internet Chess Club"]
[Date "2021.05.08"]
[Round "3"]
[White "RATH, RIYAAN:K05-16839392"]
[Black "RAJEEV, AMEYA:K05-16305755"]
[Result "0-1"]
[ICCResult "White resigns"]
[WhiteElo "605"]
[BlackElo "1393"]
[Opening "Sicilian defense"]
[ECO "B30"]
[NIC "SI.31"]
[Time "15:31:22"]
[PlyCount "102"]
[TimeControl "1500+5"]

1. e4 c5 2. Nf3 Nc6 3. Bc4 g6 4. d3 Bg7 5. Nc3 d6 6. h3 Nf6 7. Bg5 a6 8.
O-O O-O 9. Nd5 Nxd5 10. Bxd5 Bxb2 11. Rb1 Bg7 12. Qd2 Rb8 13. Bxc6 Qc7 14.
Bd5 e6 15. Bb3 b5 16. c4 b4 17. Bh6 Bc3 18. Qg5 Re8 19. Rfc1 Bh8 20. Rd1 a5
21. Ba4 Re7 22. d4 cxd4 23. Nxd4 Bb7 24. Re1 Bxd4 25. Rbd1 Bh8 26. Re3 f6
27. Qg3 Rd8 28. Bb3 Bg7 29. Bxg7 Rxg7 30. Rf3 Qe7 31. Bc2 f5 32. Re3 e5 33.
Qh2 f4 34. Ree1 Qf6 35. f3 Qg5 36. Kh1 Ba6 37. Bd3 Rc7 38. Rc1 Rdc8 39. h4
Qf6 40. Rcd1 Bxc4 41. Bxc4+ Rxc4 42. Re2 Rc1 43. Ree1 Rxd1 44. Rxd1 a4 45.
Qh3 Rc7 46. Rb1 Qf7 47. Rd1 b3 48. axb3 axb3 49. Rxd6 b2 50. Rd1 Rc1 51.
Rxc1 bxc1=Q+ { White resigns } 0-1

[Event "ICC tourney 2556 (25 5)"]
[Site "Internet Chess Club"]
[Date "2021.05.08"]
[Round "3"]
[White "KANNAN, VIJAY:K05-16132744"]
[Black "TANN, KEVIN:K05-16685678"]
[Result "1-0"]
[ICCResult "Black checkmated"]
[WhiteElo "1618"]
[BlackElo "142"]
[Opening "QGD Slav: 3.Nf3"]
[ECO "D11"]
[NIC "SL.01"]
[Time "15:31:44"]
[PlyCount "99"]
[TimeControl "1500+5"]

1. d4 c6 2. c4 d5 3. Nf3 dxc4 4. Bf4 Nf6 5. e3 Be6 6. Ng5 Bd5 7. Nc3 e6 8.
e4 Bb4 9. exd5 Nxd5 10. Bd2 Nxc3 11. bxc3 Bxc3 12. Bxc3 Qxg5 13. Qd2 Qxd2+
14. Bxd2 b5 15. a4 bxa4 16. Rxa4 O-O 17. Bxc4 Rd8 18. Be2 a6 19. O-O Ra7
20. Rb1 Nd7 21. Rxa6 Rxa6 22. Bxa6 Ra8 23. Bc4 Ra4 24. Rb4 Ra1+ 25. Bf1 Rd1
26. Be3 h6 27. g3 e5 28. dxe5 Nxe5 29. Kg2 Nd3 30. Rd4 Ne1+ 31. Kh3 Rxd4
32. Bxd4 Nf3 33. Be3 Ng1+ 34. Kg2 Nf3 35. Kxf3 g5 36. Bg2 f5 37. Ke2 g4 38.
Bxc6 h5 39. Bd7 Kf7 40. Bxf5 Kf6 41. Bc2 Ke5 42. Bg6 Kd5 43. Bxh5 Kc4 44.
Bxg4 Kd5 45. h4 Kd6 46. h5 Ke7 47. h6 Kf7 48. h7 Kg7 49. Bf5 Kh8 50. Bd4# {
Black checkmated } 1-0

[Event "ICC tourney 2556 (25 5)"]
[Site "Internet Chess Club"]
[Date "2021.05.08"]
[Round "3"]
[White "ARAVINDAKSHAN, SAHANA:K05-16741147"]
[Black "SENTHIL, ADITYA:K05-16653164"]
[Result "1-0"]
[ICCResult "Black checkmated"]
[WhiteElo "1587"]
[BlackElo "1237"]
[Opening "King's Indian: Four pawns attack"]
[ECO "E76"]
[NIC "KI.31"]
[Time "15:31:05"]
[PlyCount "105"]
[TimeControl "1500+5"]

1. d4 Nf6 2. c4 d6 3. Nc3 g6 4. e4 Bg7 5. f4 O-O 6. Nf3 Bg4 7. Bd3 Nc6 8.
Be3 Nd7 9. Be2 e5 10. fxe5 dxe5 11. d5 Nd4 12. Nxd4 exd4 13. Bxd4 Bxe2 14.
Nxe2 Qh4+ 15. Ng3 Nf6 16. O-O Nxe4 17. Bxg7 Kxg7 18. Qd4+ Kg8 19. Qxe4 Qxe4
20. Nxe4 f5 21. Ng3 Rad8 22. Rae1 Rde8 23. Kf2 h5 24. Rxe8 Rxe8 25. Re1
Rxe1 26. Kxe1 Kf7 27. Kf2 Kf6 28. Kf3 Ke5 29. Ne2 g5 30. h3 a5 31. g4 hxg4+
32. hxg4 f4 33. b3 b6 34. a3 Kd6 35. Nd4 Ke5 36. Ne6 Kd6 37. Nxg5 c6 38.
dxc6 Kxc6 39. Kxf4 Kd6 40. Ne4+ Ke6 41. g5 Kf7 42. Kf5 Kg7 43. g6 Kg8 44.
Ng5 Kg7 45. Ne6+ Kg8 46. g7 Kf7 47. Ke5 Kg8 48. Kf6 a4 49. bxa4 b5 50. axb5
Kh7 51. Kf7 Kh6 52. g8=Q Kh5 53. Qg5# { Black checkmated } 1-0

[Event "ICC tourney 2556 (25 5)"]
[Site "Internet Chess Club"]
[Date "2021.05.08"]
[Round "3"]
[White "GURLEY, ADELYN:K05-16399220"]
[Black "PANDE, RAYANSH:K05-16097942"]
[Result "0-1"]
[ICCResult "White checkmated"]
[WhiteElo "733"]
[BlackElo "1097"]
[Opening "Four knights: Italian variation"]
[ECO "C55"]
[NIC "IG.01"]
[Time "15:32:24"]
[PlyCount "98"]
[TimeControl "1500+5"]

1. e4 e5 2. Nf3 Nc6 3. Bc4 Nf6 4. Nc3 h6 5. d3 Bc5 6. Qe2 a6 7. Be3 Bxe3 8.
fxe3 b5 9. Bb3 d6 10. h3 O-O 11. Nh4 b4 12. Nd5 Nxd5 13. Bxd5 Qxh4+ 14. Qf2
Qxf2+ 15. Kxf2 Bb7 16. a3 Rab8 17. axb4 Nxb4 18. Bxb7 Rxb7 19. Ra4 a5 20.
c3 Nc6 21. Rc4 Rxb2+ 22. Kg3 Ne7 23. Rxc7 Ng6 24. Rc6 Ra8 25. Rxd6 a4 26.
Ra1 a3 27. d4 a2 28. Kh2 Rb1 29. Rxa2 Rxa2 30. c4 Re1 31. c5 Ne7 32. c6
Nxc6 33. Rxc6 exd4 34. exd4 Rxe4 35. Rc3 Rxd4 36. Rg3 Rd1 37. Rg4 f5 38.
Rh4 Rdd2 39. Kg3 Rd3+ 40. Kh2 Kh7 41. Rf4 g6 42. Kh1 Ra5 43. Kh2 g5 44. Rf2
h5 45. Kh1 h4 46. Kh2 g4 47. Re2 g3+ 48. Kg1 Ra1+ 49. Re1 Rxe1# { White
checkmated } 0-1

[Event "ICC tourney 2556 (25 5)"]
[Site "Internet Chess Club"]
[Date "2021.05.08"]
[Round "3"]
[White "JOSHI, AARAV:K05-30026655"]
[Black "ZHANG, KYLIE:K05-16733661"]
[Result "0-1"]
[ICCResult "White checkmated"]
[WhiteElo "834"]
[BlackElo "1453"]
[Opening "QGD: 4.Nf3"]
[ECO "D37"]
[NIC "QP.08"]
[Time "15:30:22"]
[PlyCount "52"]
[TimeControl "1500+5"]

1. d4 d5 2. c4 e6 3. Nf3 Nf6 4. Nc3 Nbd7 5. Bf4 c6 6. e3 Be7 7. Bd3 O-O 8.
O-O Nh5 9. Ne5 Nxf4 10. exf4 Qc7 11. Qh5 h6 12. Ne2 Nf6 13. Qh3 c5 14. Ng3
cxd4 15. Nh5 Nxh5 16. Qxh5 dxc4 17. Be4 Rb8 18. Ng6 fxg6 19. Qxg6 Rf6 20.
Qh7+ Kf7 21. Bb1 Qxf4 22. Qc2 b5 23. Rd1 Bb7 24. f3 Bd6 25. g3 Qxf3 26.
Rxd4 Qh1# { White checkmated } 0-1